 Dungeon Crawl Stone Soup version 0.29-a0-982-gaed3a0c8d8 (webtiles) character file.

Game seed: 290053142797632724

256 leavemydog the Chopper (level 6, -4/79 HPs)
             Began as a Hill Orc Fighter on Aug 1, 2022.
             Slain by Grinder (6 damage)
             ... on level 3 of the Dungeon.
             The game lasted 00:02:18 (2611 turns).

leavemydog the Chopper (Hill Orc Fighter)           Turns: 2611, Time: 00:02:18

Health: -4/79      AC: 23    Str: 21    XL:     6   Next: 16%
Magic:  6/6        EV:  2    Int:  8    God:
Gold:   130        SH:  4    Dex: 10    Spells: 5/5 levels left

rFire   . . .      SeeInvis .   a - +0 war axe
rCold   . . .      Faith    .   c - +0 buckler
rNeg    . . .      Spirit   .   (body armour currently unavailable)
rPois   +          Reflect  .   (helmet currently unavailable)
rElec   .          Harm     .   (cloak currently unavailable)
rCorr   .          Rampage  .   (gloves currently unavailable)
Will    .....      NoTele   +   (boots currently unavailable)
Stlth   +.........              (no amulet)
HPRegen 0.23/turn               (no ring)
MPRegen 0.10/turn               (no ring)

@: tree-form
A: stationary, stasis, torment immunity, boosted hp
a: no special abilities


You were on level 3 of the Dungeon.
You were a tree.
You visited 1 branch of the dungeon, and saw 3 of its levels.

You collected 130 gold pieces.

Inventory:

Hand Weapons
 a - a +0 war axe (weapon)
Armour
 b - a +0 scale mail (melded)
 c - a +0 buckler (worn)
 s - a scarf of invisibility (melded)
Jewellery
 h - an amulet of the acrobat
 u - an amulet of faith
Wands
 d - a wand of roots (4)
Scrolls
 g - a scroll of torment {unknown}
 j - 2 scrolls of identify {unknown}
 k - a scroll of butterflies
 l - a scroll of enchant weapon {unknown}
 m - a scroll of poison {unknown}
 n - a scroll of silence {unknown}
 o - a scroll of enchant armour {unknown}
 p - a scroll of blinking {unknown}
 q - a scroll of teleportation {unknown}
 r - 2 scrolls of magic mapping {unknown}
 t - a scroll of immolation {unknown}
 v - a scroll of fear {unknown}
Potions
 e - a potion of lignification
 f - a potion of magic {unknown}
 i - a potion of attraction {unknown}


   Skills:
 + Level 4.5 Fighting
 * Level 6.6 Axes
 + Level 4.2 Armour
 + Level 3.8 Shields


You had 5 spell levels left.
You didn't know any spells.
Your spell library contained the following spells:

 Spells                   Type           Power      Damage    Failure   Level
 Animate Armour           Summ/Erth      0%         N/A       99%         4
 Blade Hands              Tmut           0%         N/A       100%        5
 Iron Shot                Conj/Erth      0%         9d1       100%        6


Dungeon Overview and Level Annotations

Branches:
Dungeon (3/15)

Altars:
Ashenzari
Nemelex Xobeh

Annotations:
D:3 Grinder


Message History

You see here a +0 ring mail.
A goblin comes into view. It is wielding a +0 club.
There are monsters nearby!
Grinder says, "FISH!"
Grinder hits you but does no damage.
You completely miss Grinder. Grinder gestures at you.
Pain shoots through your body! Grinder hits you.
You writhe in agony.
You completely miss Grinder. You closely miss the goblin. Grinder hits you.
You writhe in agony.
The goblin hits you but does no damage.
You closely miss Grinder. You barely miss the goblin. Grinder hits you!
You writhe in agony.
The goblin hits you with a +0 club.
Grinder blinks!
The goblin hits you but does no damage.
You slash the goblin!
You kill the goblin!
Things that are here:
a +0 club; a goblin corpse You closely miss Grinder.
Grinder hits you but does no damage. Grinder closely misses you.
You closely miss Grinder. Grinder gestures at you.
Pain shoots through your body!
* * * LOW HITPOINT WARNING * * *
You hit Grinder.
Grinder is lightly wounded.
Grinder hits you!
* * * LOW HITPOINT WARNING * * *
You slash Grinder!
Grinder is heavily wounded.
Grinder hits you.
* * * LOW HITPOINT WARNING * * *
You writhe in agony.
* * * LOW HITPOINT WARNING * * *
Okay, then.
It was a potion of lignification.
You turn into a tree.
Your scarf of invisibility melds into your body.
Your +0 scale mail melds into your body.
Your roots penetrate the ground.
Grinder hits you.
You die...

###................## #.##..#
#................#..# ##.#..##
#.#..............##.#
###..#.##
#.#..............##.###...##.#
#...............###.##..####.#
...............## #.##.#####.#
...##......#..## #....###...##
#..#
###.....#######...##.....##
...# ... #.♣..[...#.......#
..## ......5######.........#
..# .##$.#. ###.......# #...<
.... .. ##.....## ##### .##
#.. ##.....## ..... ...
#.†.....# ##### ##.. #.......#
### #.......# ##.....##


You could see Grinder.

Vanquished Creatures
  Sigmund (D:3)
  Jessica (D:3)
  3 adders
  A dart slug (D:1)
  2 bats (D:1)
  5 endoplasms
  2 giant cockroaches
  3 goblins
  6 hobgoblins
  3 kobolds
  2 quokkas
  4 ball pythons
  A frilled lizard (D:2)
  10 rats
44 creatures vanquished.

Notes
Turn   | Place    | Note
-------+----------+-------------------------------------------
     0 | D:1      | leavemydog the Hill Orc Fighter began the quest for the
                  | Orb.
     0 | D:1      | Reached XP level 1. HP: 19/19 MP: 1/1
   392 | D:1      | Reached XP level 2. HP: 27/27 MP: 2/2
   468 | D:1      | Reached skill level 3 in Axes
   557 | D:1      | Found a faded altar of an unknown god.
  1212 | D:2      | Reached XP level 3. HP: 28/33 MP: 3/3
  1704 | D:2      | Reached skill level 4 in Axes
  1893 | D:2      | Found a broken altar of Ashenzari.
  2116 | D:3      | Reached XP level 4. HP: 40/40 MP: 4/4
  2122 | D:3      | Noticed Jessica
  2132 | D:3      | Killed Jessica
  2335 | D:3      | Noticed Sigmund
  2342 | D:3      | Killed Sigmund
  2343 | D:3      | Reached skill level 6 in Axes
  2343 | D:3      | Reached XP level 5. HP: 46/47 MP: 5/5
  2343 | D:3      | Reached XP level 6. HP: 52/53 MP: 6/6
  2422 | D:3      | Found a sparkling altar of Nemelex Xobeh.
  2595 | D:3      | Noticed Grinder
  2610 | D:3      | HP: 1/53 [Grinder (2)]
  2611 | D:3      | Slain by Grinder

Illustrated notes

Levels and vault maps discovered:
D:1:      minmay_arrival_arboretum_small, layout_basic,
          ebering_ecumenical_altar_webs
D:2:      layout_loops_ring, basic_altar, kennysheep_nondescript, minivault_14
D:3:      layout_rooms, mainiacjoe_overflow_concentric_impassable, uniq_jessica,
          uniq_sigmund, uniq_grinder

Skill      XL: |  1  2  3  4 |
---------------+-------------+-----
Axes           | 3 4 6 |  6.6
Fighting       | 4 |  4.5
Armour         | 4 |  4.2
Shields        | |  3.8

Action                   |  1- 3 |  4- 6 || total
-------------------------+-------+-------++-------
Melee: War axe           |   107 |    29 ||   136
  Use: Potion            |       |     2 ||     2
       Scroll            |       |     1 ||     1
Armor: Scale mail        |    50 |    10 ||    60
Dodge: Dodged            |    51 |    14 ||    65
Block: Buckler           |    25 |     4 ||    29

Table legend: (Time is in decaauts)
 A = Elapsed time spent in this place.
 B = Non-inter-level travel time spent in this place.
 C = Inter-level travel time spent in this place.
 D = Time resting spent in this place.
 E = Time spent auto-exploring this place.
 F = Levels seen in this place.
 G = Mean time per level.
                   A        B        C        D        E       F      G
               +--------+--------+--------+--------+--------+-----+--------+
         Total |   2659 |   2633 |     26 |    400 |   1885 |   3 |  886.3 |
       Dungeon |   2659 |   2633 |     26 |    400 |   1885 |   3 |  886.3 |
               +--------+--------+--------+--------+--------+-----+--------+

Top non-repeatable levels by time:
     D:2: 1224 daAuts
     D:1: 921 daAuts
     D:3: 513 daAuts
